 Dungeon Crawl Stone Soup version 0.25-a0-366-g516bc45ae0 (webtiles) character file.

Game seed: 8189373395686187700, levelgen mode: deterministic

6671 night the Tainter (level 10, -4/90 HPs)
             Began as a Green Draconian Venom Mage on Jan 6, 2020.
             Was an Elder of Sif Muna.
             Slain by an eight-headed hydra (11 damage)
             ... on level 11 of the Dungeon.
             The game lasted 00:31:05 (9877 turns).

night the Tainter (Green Draconian Venom Mage)      Turns: 9877, Time: 00:31:05

Health: -4/90      AC: 10    Str: 11    XL:     10   Next: 73%
Magic:  19/30      EV: 12    Int: 19    God:    Sif Muna [****..]
Gold:   327        SH:  0    Dex: 11    Spells: 11/24 levels left

rFire    . . .     SeeInvis +     - Unarmed
rCold    . . .     Gourm    .   (no shield)
rNeg     . . .     Faith    .   (armour unavailable)
rPois    +         Spirit   .   (helmet restricted)
rElec    .         Reflect  .   g - +1 cloak
rCorr    .         Harm     .   N - +0 pair of gloves
MR       .....                  (no boots)
Stlth    ++........             (no amulet)
HPRegen  0.25/turn              a - ring of see invisible
MPRegen  0.22/turn              B - ring of magical power

@: very slightly contaminated
A: breathe noxious fumes, unfitting armour, poison resistance, cold-blooded, AC
+7
a: Breathe Noxious Fumes, Channel Magic, Forget Spell, Divine Exegesis, Renounce
Religion


You were on level 11 of the Dungeon.
You worshipped Sif Muna.
Sif Muna was greatly pleased with you.
You were hungry.

You visited 1 branch of the dungeon, and saw 11 of its levels.

You collected 527 gold pieces.
You spent 200 gold pieces at shops.

Inventory:

Hand Weapons
 b - a +4 shortbow
Missiles
 h - 27 poisoned darts
 z - 4 silver boomerangs (quivered)
 F - 154 arrows
Armour
 g - a +1 cloak (worn)
 N - a +0 pair of gloves (worn)
Magical Staves
 K - an uncursed staff of poison
Jewellery
 a - a ring of see invisible (left hand)
 c - a +6 ring of dexterity
 i - a +5 ring of dexterity
 p - an uncursed ring of fire
 r - a +5 ring of dexterity
 B - a ring of magical power (right hand)
 I - an uncursed ring of wizardry
Wands
 L - a wand of flame (16)
 M - a wand of acid (23)
 O - a wand of random effects (27)
 R - a wand of polymorph (7)
Scrolls
 n - 6 scrolls of remove curse {unknown}
 q - a scroll of enchant weapon
 s - 4 scrolls of teleportation
 u - 4 scrolls of magic mapping
 v - a scroll of blinking {unknown}
 w - 4 scrolls of identify
 y - a scroll of amnesia {unknown}
 C - a scroll of holy word {unknown}
 G - 2 scrolls of fog {unknown}
 J - a scroll of enchant armour
Potions
 d - 2 potions of might {unknown}
 e - a potion of ambrosia
 f - 5 potions of heal wounds {unknown}
 j - 5 potions of flight
 k - 5 potions of curing {unknown}
 l - 2 potions of invisibility {unknown}
 m - a potion of haste {unknown}
 o - 2 potions of mutation {unknown}
 t - a potion of lignification {unknown}
 x - a potion of magic {unknown}
 A - 2 potions of brilliance {unknown}
 D - 2 potions of resistance {unknown}
 H - a potion of berserk rage {unknown}
 P - a potion of cancellation {unknown}
Comestibles
 E - 23 rations


   Skills:
 + Level 8.9 Fighting
 - Level 1.7 Dodging
 - Level 1.7 Stealth
 + Level 8.0 Unarmed Combat
 + Level 7.8 Spellcasting
 - Level 2.0 Transmutations
 + Level 10.4 Poison Magic


You had 11 spell levels left.
You knew the following spells:

 Your Spells              Type           Power        Failure   Level  Hunger
a - Sting                 Tmut/Pois      ####         1%          1    None
b - Poisonous Vapours     Pois/Air       ####..       1%          2    None
c - Ignite Poison         Fire/Tmut/Pois ###.....     4%          3    #......
d - Olgreb's Toxic Radia  Pois           #####...     1%          4    ###....
e - Mephitic Cloud        Conj/Pois/Air  ###.....     7%          3    #......

Your spell library contained the following spells:

 Spells                   Type           Power        Failure   Level  Hunger
 Corona                   Hex            #......      10%         1    None
 Infusion                 Chrm           #...         10%         1    None
 Ensorcelled Hibernation  Hex/Ice        #.....       14%         2    None
 Shroud of Golubria       Chrm/Tloc      #.....       14%         2    None
 Song of Slaying          Chrm           #.......     14%         2    None
 Confuse                  Hex            #.......     28%         3    #......
 Dazzling Flash           Conj/Hex       #.....       28%         3    #......
 Ozocubu's Armour         Chrm/Ice       #.......     28%         3    #......
 Spectral Weapon          Hex/Chrm       #.......     28%         3    #......
 Tukima's Dance           Hex            #.......     28%         3    #......


Dungeon Overview and Level Annotations

Branches:
Dungeon (11/15)            Temple (0/1) D:4             Orc (0/2) D:10
   Lair: D:8-11

Altars:
Cheibriados
Gozag
Hepliaklqana
Kikubaaqudgha
Sif Muna
Yredelemnul

Shops:
D:4 =   D:5 [(**   D:6 (   D:9 (

Annotations:
D:9 2 transporters, Borgoz's ghost, novice GrGl


Innate Abilities, Weirdness & Mutations

You can breathe blasts of noxious fumes.
Your lurid green scales are hard. (AC +7)
You cannot fit into any form of body armour.
Your system is resistant to poisons. (rPois)
You are cold-blooded and may be slowed by cold attacks.


Message History

The hippogriff is engulfed in noxious fumes.
The hippogriff appears confused.
Casting: Mephitic Cloud (safe; 7% risk of failure)
Confirm with . or Enter, or press ? or * to list all spells.
You ignite the poison in your surroundings!
The eight-headed hydra is engulfed in blazing flames.
The eight-headed hydra bites you!
* * * LOW HITPOINT WARNING * * *
The eight-headed hydra bites you.
* * * LOW HITPOINT WARNING * * *
The eight-headed hydra bites you.
* * * LOW HITPOINT WARNING * * *
The eight-headed hydra bites you but does no damage.
The eight-headed hydra bites you.
* * * LOW HITPOINT WARNING * * *
The eight-headed hydra bites you but does no damage.
The eight-headed hydra bites you!
* * * LOW HITPOINT WARNING * * *
The eight-headed hydra bites you!
You die...

########## #........#
#........# #........####
#...........#########
.....................
........@.....F......
#######D#..##'###...
#..$.☼§☼#..#....#########
#....H☼§#..#.............
#....☼..#..#.............
#.......#..#.............
###.....#..#.............
#.....#..#....#######..
#.....# #....#.....#..


You could see an eight-headed hydra, a hippogriff (confused) and a bullfrog.

Vanquished Creatures
  3 unseen horrors
  A komodo dragon (D:10)
  A hippogriff (D:8)
  4 hogs (D:7)
  A wyvern (D:10)
  A basilisk (D:11)
  A human (D:7)
  Menkaure (D:7)
  A water moccasin (D:11)
  2 orc warriors
  3 phantoms
  2 ice beasts
  A black bear (D:10)
  3 ogres
  4 centaurs
  3 bullfrogs
  2 scorpions
  6 killer bees (D:10)
  2 howler monkeys
  7 crimson imps
  2 bullfrog skeletons
  A centaur skeleton (D:11)
  4 hounds
  8 orc wizards
  7 orc priests
  5 iguanas
  6 worker ants
  A killer bee zombie (D:8)
  A hound zombie (D:10)
  A hound skeleton (D:5)
  A worker ant zombie (D:8)
  8 gnolls
  A howler monkey skeleton (D:10)
  12 adders
  A shadow imp (D:7)
  An ooze (D:5)
  An adder zombie (D:8)
  2 adder skeletons
  4 worms
  A dart slug (D:2)
  10 leopard geckos
  42 orcs
  7 bats
  4 giant cockroaches
  7 goblins
  5 hobgoblins
  8 jackals
  9 kobolds
  3 quokkas
  A ball python (D:4)
  4 frilled lizards
  A giant cockroach zombie (D:5)
  A jackal zombie (D:7)
  A leopard gecko skeleton (D:5)
  2 quokka skeletons
  4 rats
226 creatures vanquished.

Notes
Turn   | Place    | Note
-------+----------+-------------------------------------------
     0 | D:1      | night the Draconian Venom Mage began the quest for the Orb.
     0 | D:1      | Reached XP level 1. HP: 14/14 MP: 3/3
   178 | D:1      | Reached XP level 2. HP: 20/20 MP: 0/5
   881 | D:2      | Learned a level 2 spell: Poisonous Vapours
   898 | D:2      | Found a shimmering blue altar of Sif Muna.
   900 | D:2      | Found a hazy altar of Hepliaklqana.
  1061 | D:2      | Reached XP level 3. HP: 24/27 MP: 3/6
  1157 | D:2      | Found an ancient bone altar of Kikubaaqudgha.
  1174 | D:2      | Reached skill level 1 in Fighting
  1201 | D:2      | Became a worshipper of Sif Muna the Loreminder
  1638 | D:2      | Reached XP level 4. HP: 35/35 MP: 4/7
  1805 | D:3      | Reached skill level 1 in Unarmed Combat
  1816 | D:3      | Learned a level 3 spell: Ignite Poison
  1871 | D:3      | Found a basalt altar of Yredelemnul.
  2282 | D:3      | Reached * piety under Sif Muna
  2649 | D:4      | Reached XP level 5. HP: 33/41 MP: 4/9
  2712 | D:4      | Learned a level 4 spell: Olgreb's Toxic Radiance
  2741 | D:4      | Noticed a phantom
  3069 | D:4      | Reached skill level 4 in Poison Magic
  3324 | D:4      | Reached XP level 6. HP: 50/50 MP: 6/11
  3534 | D:4      | Found a staircase to the Ecumenical Temple.
  3583 | D:4      | Found Sabe's Jewellery Shop.
  3741 | D:5      | Entered Level 5 of the Dungeon
  3781 | D:5      | Found Binexye's Armour Shoppe.
  3871 | D:4      | Bought an uncursed ring of magical power for 200 gold
                  | pieces
  4001 | D:5      | Found Zatrov Mits's General Store.
  4039 | D:5      | Found Xeemm's Assorted Antiques.
  4369 | D:5      | Found a snail-covered altar of Cheibriados.
  4483 | D:5      | Found Ruobidon's Antique Weapon Emporium.
  4492 | D:5      | Reached ** piety under Sif Muna
  4492 | D:5      | Your scales start taking on a lurid green colour.
  4492 | D:5      | Reached skill level 5 in Poison Magic
  4492 | D:5      | Reached XP level 7. HP: 56/57 MP: 8/12
  4492 | D:5      | Gained mutation: Your system is resistant to poisons.
                  | (rPois) [Green Draconian growth]
  4582 | D:5      | Learned a level 3 spell: Mephitic Cloud
  4827 | D:6      | Reached skill level 6 in Poison Magic
  5166 | D:6      | Reached XP level 8. HP: 63/67 MP: 14/14
  5654 | D:6      | Found Teiv's Antique Weapon Shop.
  6065 | D:7      | Reached skill level 5 in Fighting
  6225 | D:7      | Reached skill level 5 in Spellcasting
  6225 | D:7      | Reached skill level 7 in Poison Magic
  6581 | D:7      | Noticed Menkaure
  6585 | D:7      | Killed Menkaure
  6585 | D:7      | Reached skill level 5 in Unarmed Combat
  6711 | D:7      | Reached *** piety under Sif Muna
  7115 | D:7      | Reached skill level 8 in Poison Magic
  7115 | D:7      | Reached XP level 9. HP: 75/75 MP: 14/17
  7588 | D:8      | Found an opulent altar of Gozag.
  7668 | D:8      | Reached skill level 9 in Poison Magic
  8134 | D:9      | Found a transporter.
  8137 | D:9      | Noticed Borgoz's ghost (novice GrGl)
  8150 | D:9      | Noticed a moth of wrath
  8150 | D:9      | Noticed an eight-headed hydra
  8158 | D:9      | Found a transporter.
  8342 | D:9      | Found Oqyoc's Weapon Boutique.
  8596 | D:10     | Entered Level 10 of the Dungeon
  8738 | D:10     | Reached **** piety under Sif Muna
  8738 | D:10     | Reached XP level 10. HP: 38/88 MP: 20/20
  8900 | D:10     | Found a staircase to the Orcish Mines.
  9003 | D:10     | Noticed an unseen horror
  9538 | D:10     | Killed an unseen horror
  9587 | D:11     | Noticed an unseen horror
  9587 | D:11     | Noticed an unseen horror
  9592 | D:11     | Killed an unseen horror
  9592 | D:11     | Reached skill level 10 in Poison Magic
  9593 | D:11     | Killed an unseen horror
  9872 | D:11     | Noticed an eight-headed hydra
  9877 | D:11     | Slain by an eight-headed hydra

Levels and vault maps discovered:
D:1:      mrwooster_arrival_statue_3, layout_loops_ring
D:2:      layout_rooms, grunt_temple_overflow_open, first_ration
D:3:      wander_river, layout_loops_corners, yredelemnul_altar_generic
D:4:      layout_rooms, minmay_temple_entry_from_below_a, serial_shops,
          nicolae_shop_behind_doors
D:5:      layout_basic, lemuel_round_altar, serial_shops, shop, shop_statue,
          shop_coins, portal_sewer_entry_d, kennysheep_windowed_goal
D:6:      layout_loops_corners, serial_shops, nicolae_shop_waterfront,
          serial_rivers, chequers_serial_rivers_room_b,
          chequers_serial_rivers_room_b, chequers_serial_rivers_room_a,
          chequers_serial_rivers_micro_a, chequers_serial_rivers_micro_e,
          chequers_serial_rivers_room_a
D:7:      layout_cave_pods, grunt_livestock, uniq_menkaure
D:8:      layout_loops_cross, grunt_gozag_breadcrumbs, grunt_ministairs_15
D:9:      layout_roguey, gammafunk_ghost_berserking_beasts, serial_shops,
          kennysheep_little_box
D:10:     layout_roguey
D:11:     layout_irregular_city, dpeg_lair_monsters, serial_shops, shop

Skill      XL: |  1  2  3  4  5  6  7  8  9 10 |
---------------+-------------------------------+-----
Fighting       | 1 2 3 4 6 7 8 |  8.9
Transmutations | 2 |  2.0
Unarmed Combat | 1 2 3 4 5 6 8 |  8.0
Spellcasting   | 3 4 5 6 7 |  7.8
Poison Magic   | 4 5 6 8 9 10 | 10.4
Dodging        | |  1.7
Stealth        | |  1.7

Action                   |  1- 3 |  4- 6 |  7- 9 | 10-12 || total
-------------------------+-------+-------+-------+-------++-------
Melee: Unarmed           |    62 |   108 |   238 |    21 ||   429
       Tailslap          |     5 |    16 |    28 |     4 ||    53
       Punch             |       |       |     7 |       ||     7
       Staff             |       |       |    31 |    18 ||    49
 Fire: Shortbow          |       |       |    26 |     5 ||    31
 Cast: Sting             |    60 |    68 |    50 |    39 ||   217
       Poisonous Vapours |       |    16 |    62 |    13 ||    91
       Olgreb's Toxic Ra |       |     6 |    12 |     8 ||    26
       Ignite Poison     |       |       |    10 |     7 ||    17
       Mephitic Cloud    |       |       |     4 |     6 ||    10
 Abil: Breathe Noxious F |       |       |     1 |       ||     1
  Use: Scroll            |       |     6 |     2 |       ||     8
 Stab: Sleeping          |       |     1 |     1 |       ||     2
       Distracted        |       |       |     1 |       ||     1
  Eat: Chunk             |     3 |    11 |    17 |     4 ||    35
Armor: Skin              |    46 |    45 |   104 |    40 ||   235
Dodge: Dodged            |    84 |    95 |   184 |    48 ||   411

Table legend:
 A = Non-vault XP
 B = Vault XP
 C = Vault XP percentage of total XP
 D = Non-vault monster count
 E = Vault monster count
 F = Vault count percentage of total count
                 A         B        C        D         E       F
            +---------+---------+-------+---------+---------+-------
      Total |    8283 |    1248 |  13.1 |     214 |      12 |   5.3
            +---------+---------+-------+---------+---------+-------
        D:1 |      28 |       0 |   0.0 |      15 |       0 |   0.0
        D:2 |      76 |       0 |   0.0 |      28 |       0 |   0.0
        D:3 |      87 |       0 |   0.0 |      17 |       0 |   0.0
        D:4 |     254 |       0 |   0.0 |      20 |       0 |   0.0
        D:5 |     272 |      85 |  23.8 |      19 |       4 |  17.4
        D:6 |     765 |       0 |   0.0 |      19 |       0 |   0.0
        D:7 |     942 |    1144 |  54.8 |      26 |       6 |  18.8
        D:8 |    1201 |      19 |   1.6 |      20 |       2 |   9.1
        D:9 |     182 |       0 |   0.0 |       9 |       0 |   0.0
       D:10 |    2231 |       0 |   0.0 |      24 |       0 |   0.0
       D:11 |    2245 |       0 |   0.0 |      17 |       0 |   0.0
            +---------+---------+-------+---------+---------+-------
